 Dungeon Crawl Stone Soup version 0.31-a0-152-g6aa68a64a1 (webtiles) character file.

Game seed: 12680797202019285257

83 qw the Shooter (level 4, 0/39 HPs)
             Began as a Naga Hunter on June 9, 2023.
             Slain by an adder (4 damage)
             ... on level 2 of the Dungeon.
             The game lasted 00:00:26 (984 turns).

qw the Shooter (Naga Hunter)                         Turns: 984, Time: 00:00:26

Health: 0/39       AC:  2    Str: 13    XL:     4   Next: 44%
Magic:  4/4        EV:  9    Int: 10    God:
Gold:   73         SH:  0    Dex: 16    Spells: 3/3 levels left

rFire   . . .        Y - +0 shortbow
rCold   . . .        (shield currently unavailable)
rNeg    + . .        c - +0 leather armour
rPois   +            (no helmet)
rElec   .            (no cloak)
rCorr   .            (no gloves)
SInv    +            (no barding)
Will    .....        (no amulet)
Stlth   ++           i - ring of positive energy
HPRegen 0.26/turn    (no ring)
MPRegen 0.09/turn

%: no passive effects
@: about to teleport, short of breath, very slow
A: AC +1, large, see invisible, deformed body, poison resistance, slowness 2,
spit poison 1, naga tail 1
a: Spit Poison


You were on level 2 of the Dungeon.
You visited 1 branch of the dungeon, and saw 2 of its levels.

You collected 73 gold pieces.


Innate Abilities, Weirdness & Mutations

Your serpentine skin is tough. (AC +1)
You have supernaturally acute eyesight. (SInv)
Armour fits poorly on your strangely shaped body.
Your system is resistant to poisons. (rPois)
You cover ground very slowly.
You can spit poison.
You have a snake-like lower body.


   Skills:
 + Level 2.0 Fighting
 - Level 5.2 Ranged Weapons
 - Level 1.5 Dodging
 - Level 1.5 Stealth


You had 3 spell levels left.
You didn't know any spells.
Your spell library was empty.

Inventory:

Hand Weapons
 Y - a +0 shortbow (weapon)
Armour
 c - a +0 leather armour (worn)
Jewellery
 i - a ring of positive energy (left hand)
Scrolls
 d - a scroll of amnesia {unknown}
 g - a scroll of immolation {unknown}
Potions
 b - a potion of attraction {unknown}
 e - a potion of enlightenment {unknown}
 f - a potion of ambrosia {unknown}
 h - a potion of resistance
 j - 2 potions of lignification {unknown}
 k - a potion of haste {unknown}

Dungeon Overview and Level Annotations

Branches:
Dungeon (2/15)

Altars:


Message History

You shoot an arrow.
The arrow closely misses the orc wizard.
You feel very sick.
The orc wizard points at you and mumbles some strange words.
The puff of flame misses you. The orc closely misses you.
You shoot an arrow. The arrow barely misses the orc wizard.
You have got your breath back.
You feel sick. The orc wizard barely misses you.
The orc hits you but does no damage.
979 ||| INVOKING Spit Poison.
Aiming: Spit Poison (2% risk of failure)
Press: ? - help, Shift-Dir - straight line, f/p - orc wizard The splash of poison hits the orc wizard.
You kill the orc wizard!
You feel sick. The orc completely misses you.
Your Ranged Weapons skill increases to level 5!
You have reached level 4!
You feel clever.
You shoot an arrow. The arrow hits the orc.
The orc is heavily wounded.
You feel sick. The orc closely misses you.
You shoot an arrow. The arrow hits the orc.
The orc is almost dead.
You have got your breath back.
You feel sick. The orc hits you with a +0 short sword.
982 ||| READING scroll of teleportation.
As you read the scroll of teleportation, it crumbles to dust.
You feel strangely unstable.
You feel sick. The orc hits you with a +0 short sword.
983 ||| INVOKING Spit Poison.
Aiming: Spit Poison (1% risk of failure)
Press: ? - help, Shift-Dir - straight line, f/p - orc The splash of poison hits the orc.
You kill the orc!
You feel sick.
You shoot an arrow. The arrow hits the adder.
The adder is heavily wounded.
You feel sick.
You are no longer poisoned.
The adder bites you. x2
You die...

#.# #.# ...
#.# ... #.#
.. #######.##
.. .........#
.# #######..#
.#
#..######S#.#
#.......@)..#
##.######.###
#.# .# #.# .#
#.# .. #.# .#
#.# .# #.# .#


You could see an adder.

Vanquished Creatures
  An orc wizard (D:2)
  2 adders (D:2)
  A worm (D:2)
  3 orcs (D:2)
  3 endoplasms (D:1)
  4 giant cockroaches
  3 goblins
  3 hobgoblins
  3 quokkas (D:1)
  5 ball pythons (D:1)
  2 bats
  A frilled lizard (D:2)
  A kobold (D:1)
  A rat (D:1)
33 creatures vanquished.

Notes
Turn   | Place    | Note
-------+----------+-------------------------------------------
     0 | D:1      | qw the Naga Hunter began the quest for the Orb.
     0 | D:1      | Reached XP level 1. HP: 19/19 MP: 1/1
     0 | D:1      | 0 ||| qw: Version: 0.2-a-122-gbc61b45
     0 | D:1      | 0 ||| qw: Game counter: 3388
     0 | D:1      | 0 ||| qw: Always use a shield: true
     0 | D:1      | 0 ||| qw: God list: Okawaru
     0 | D:1      | 0 ||| qw: Allow faded altars: false
     0 | D:1      | 0 ||| qw: Do Orc after D:15 true
     0 | D:1      | 0 ||| qw: Do second Lair branch before Depths: true
     0 | D:1      | 0 ||| qw: Lair rune preference: random
     0 | D:1      | 0 ||| qw: Plans: Normal
     0 | D:1      | 0 ||| PLANNING D:1-11
    47 | D:1      | 47 ||| INVOKING Spit Poison.
    49 | D:1      | 49 ||| INVOKING Spit Poison.
    71 | D:1      | 71 ||| INVOKING Spit Poison.
   116 | D:1      | 116 ||| INVOKING Spit Poison.
   130 | D:1      | 130 ||| INVOKING Spit Poison.
   140 | D:1      | 140 ||| INVOKING Spit Poison.
   141 | D:1      | Reached skill level 4 in Ranged Weapons
   141 | D:1      | Reached XP level 2. HP: 26/26 MP: 2/2
   155 | D:1      | 155 ||| INVOKING Spit Poison.
   159 | D:1      | 159 ||| INVOKING Spit Poison.
   171 | D:1      | 171 ||| INVOKING Spit Poison.
   229 | D:1      | 229 ||| INVOKING Spit Poison.
   232 | D:1      | 232 ||| INVOKING Spit Poison.
   313 | D:1      | 313 ||| INVOKING Spit Poison.
   314 | D:1      | 314 ||| INVOKING Spit Poison.
   404 | D:1      | 404 ||| INVOKING Spit Poison.
   409 | D:1      | 409 ||| INVOKING Spit Poison.
   427 | D:1      | 427 ||| INVOKING Spit Poison.
   520 | D:1      | 520 ||| INVOKING Spit Poison.
   546 | D:1      | 546 ||| INVOKING Spit Poison.
   551 | D:1      | 551 ||| INVOKING Spit Poison.
   648 | D:1      | Reached XP level 3. HP: 32/32 MP: 3/3
   712 | D:1      | 712 ||| UPGRADING to ring of positive energy.
   713 | D:1      | 713 ||| READING 2 scrolls labelled AGRUEQ LOEG.
   718 | D:1      | 718 ||| READING scroll labelled KIWNIBRASI.
   719 | D:1      | 719 ||| DRINKING 2 viscous amethyst potions.
   720 | D:1      | 720 ||| DROPPING scroll of butterflies.
   743 | D:2      | 743 ||| INVOKING Spit Poison.
   753 | D:2      | 753 ||| INVOKING Spit Poison.
   759 | D:2      | 759 ||| INVOKING Spit Poison.
   797 | D:2      | 797 ||| INVOKING Spit Poison.
   800 | D:2      | 800 ||| INVOKING Spit Poison.
   820 | D:2      | 820 ||| INVOKING Spit Poison.
   821 | D:2      | 821 ||| INVOKING Spit Poison.
   869 | D:2      | 869 ||| INVOKING Spit Poison.
   875 | D:2      | 875 ||| INVOKING Spit Poison.
   881 | D:2      | 881 ||| INVOKING Spit Poison.
   962 | D:2      | 962 ||| Stepping ~*~*~tactically~*~*~ (outnumbered).
   963 | D:2      | 963 ||| INVOKING Spit Poison.
   966 | D:2      | 966 ||| INVOKING Spit Poison.
   970 | D:2      | 970 ||| INVOKING Spit Poison.
   973 | D:2      | 973 ||| INVOKING Spit Poison.
   979 | D:2      | 979 ||| INVOKING Spit Poison.
   980 | D:2      | Reached skill level 5 in Ranged Weapons
   980 | D:2      | Reached XP level 4. HP: 14/39 MP: 4/4
   981 | D:2      | HP: 9/39 [orc/+0 short sword (4)]
   982 | D:2      | 982 ||| READING scroll of teleportation.
   983 | D:2      | 983 ||| INVOKING Spit Poison.
   984 | D:2      | HP: 4/39 [adder (2)]
   984 | D:2      | Slain by an adder

Levels and vault maps discovered:
D:1:      sevenhm_arrival_forest_fort_small_6, layout_basic
D:2:      layout_loops_ring, shapermc_ecumenical_altar_mp_vishouse,
          minmay_snake_closets, uniq_terence

Skill      XL: |  1  2  3 |
---------------+----------+-----
Ranged Weapons | 4 5 |  5.2
Fighting       | |  2.0
Dodging        | |  1.5
Stealth        | |  1.5

Action                     |  1- 3 |  4- 6 || total
---------------------------+-------+-------++-------
   Fire: Shortbow          |    61 |     3 ||    64
Ability: Spit Poison       |    31 |     1 ||    32
    Use: Scroll            |     2 |     1 ||     3
         Potion            |     1 |       ||     1
 Armour: Leather armour    |     4 |       ||     4
  Dodge: Dodged            |    17 |     1 ||    18

Table legend:
 A = Non-vault XP
 B = Vault XP
 C = Vault XP percentage of total XP
 D = Non-vault monster count
 E = Vault monster count
 F = Vault count percentage of total count
                 A         B        C        D         E       F
            +---------+---------+-------+---------+---------+-------
      Total |     119 |       0 |   0.0 |      33 |       0 |   0.0
            +---------+---------+-------+---------+---------+-------
        D:1 |      34 |       0 |   0.0 |      20 |       0 |   0.0
        D:2 |      85 |       0 |   0.0 |      13 |       0 |   0.0
            +---------+---------+-------+---------+---------+-------
